 Dungeon Crawl Stone Soup version 0.27-a0-1456-gf5a116941d (webtiles) character file.

Game seed: 9374934008162683438

17 Sabo the Poker (level 2, 23/23 HPs)
             Began as a Merfolk Gladiator on July 6, 2021.
             Was a Follower of Vehumet.
             Got out of the dungeon alive.
             The game lasted 00:03:47 (915 turns).

Sabo the Poker (Merfolk Gladiator)                   Turns: 915, Time: 00:03:48

Health: 23/23      AC:  7    Str: 14    XL:     2   Next: 62%
Magic:  2/2        EV: 13    Int:  7    God:    Vehumet [*.....]
Gold:   43         SH:  0    Dex: 15    Spells: 1/1 levels left

rFire    . . .     SeeInvis .   a - +0 trident
rCold    . . .     Faith    .   (no shield)
rNeg     . . .     Spirit   .   b - +0 leather armour
rPois    .         Reflect  .   c - +0 helmet
rElec    .         Harm     .   h - +2 cloak
rCorr    .         Rampage  .   (no gloves)
Will     .....                  (no boots)
Stlth    +.........             (no amulet)
HPRegen  0.07/turn              (no ring)
MPRegen  0.08/turn              (no ring)

@: no status effects
A: (nimble swimmer 2), mertail
a: Renounce Religion


You escaped.
You worshipped Vehumet.
Vehumet was aware of your devotion.
You visited 1 branch of the dungeon, and saw 1 of its levels.

You collected 43 gold pieces.

Inventory:

Hand Weapons
 a - a +0 trident (weapon)
 i - a +0 vampiric dagger
Missiles
 d - 3 throwing nets (quivered)
Armour
 b - a +0 leather armour (worn)
 c - a +0 helmet (worn)
 h - a +2 cloak (worn)
Scrolls
 g - 3 scrolls of teleportation {unknown}
Potions
 e - 2 potions of curing {unknown}
 f - a potion of heal wounds {unknown}


   Skills:
 + Level 2.6 Fighting
 + Level 4.8 Polearms
 + Level 2.0 Throwing
 + Level 0.1 Armour
 + Level 4.3 Dodging
 + Level 0.2 Stealth


You had one spell level left.
You didn't know any spells.
Your spell library was empty.

Dungeon Overview and Level Annotations

Branches:
Dungeon (1/15)

Altars:
Vehumet


Innate Abilities, Weirdness & Mutations

((You are quick and stealthy near water. (Stealth+, EV+, Speed+++)))
Your lower body shifts to a powerful aquatic tail in water.


Message History

Things that are here:
a giant cockroach corpse; a giant cockroach corpse You see here a +0 vampiric dagger.
i - a +0 vampiric dagger You start resting.
HP restored.
Things that are here:
a giant cockroach corpse; a giant cockroach corpse
e - 2 purple potions (gained 1)
You see here a +0 club.
Found a long sword.
Found a scroll labelled GITSOC IGUTUI and 12 gold pieces.
Found 7 gold pieces.
Found 12 gold pieces.
Found a scroll labelled GITSOC IGUTUI.
You now have 19 gold pieces (gained 12).
Found a sedimented sapphire potion.
g - 2 scrolls labelled GITSOC IGUTUI (gained 1)
Found a faded altar of an unknown god.
g - 3 scrolls labelled GITSOC IGUTUI (gained 1)
Found 5 gold pieces.
You now have 31 gold pieces (gained 12).
You now have 38 gold pieces (gained 7).
There is a faded altar of an unknown god here.
You cannot tell which god this altar belongs to.
Convert to them anyway?
Vehumet accepts your prayer! Vehumet welcomes you!
You can now gain magical power from killing.
Vehumet offers you knowledge of Shock.
You don't know any spells.
Okay, then.
You now have 43 gold pieces (gained 5).
There is an open door here.
Press: ? - help, v - describe, . - travel The floor.
Okay, then.
There is a staircase leading out of the dungeon here.
You can't go down here!
Are you sure you want to leave the Dungeon?
This will make you lose the game!
You have escaped!

#.# .# #.. ...# #+# ..# ###
##.#.# #####.#####..# .. #.#
##............###
.###.####...##...........
..............'###'...#
...######...###...## #..#
##.###.....# #.## #.# #..@..#
#.## #.# #.....# # ...# #.#
##...## ## ...# #.######## ##.
#..# #......## ##.. #..#
#.###...#############... #..#
##.##...)................
...######..........#..##########.
..........#.......###.# ##


There were no monsters in sight!

Vanquished Creatures
  2 ball pythons (D:1)
  An endoplasm (D:1)
  3 giant cockroaches (D:1)
  2 goblins (D:1)
  2 hobgoblins (D:1)
  A frilled lizard (D:1)
  4 rats (D:1)
15 creatures vanquished.

Notes
Turn   | Place    | Note
-------+----------+-------------------------------------------
     0 | D:1      | Sabo the Merfolk Gladiator began the quest for the Orb.
     0 | D:1      | Reached XP level 1. HP: 16/16 MP: 1/1
   454 | D:1      | Reached XP level 2. HP: 14/23 MP: 2/2
   868 | D:1      | Found a faded altar of an unknown god.
   885 | D:1      | Became a worshipper of Vehumet
   885 | D:1      | Reached * piety under Vehumet
   885 | D:1      | Offered knowledge of Shock by Vehumet.
   915 | D:$      | Got out of the dungeon alive.

Illustrated notes

Levels and vault maps discovered:
D:1:      noname_arrival_rooms_in_the_neighbourhood, layout_loops_ring,
          hellmonk_ecumenical_altar_lost_god, roderic_roman_lattice

Action                   || total
-------------------------++-------
Melee: Trident           ||    50
 Stab: Sleeping          ||     1
Armor: Leather armour    ||     6
Dodge: Dodged            ||    30

Table legend: (Time is in decaauts)
 A = Elapsed time spent in this place.
 B = Non-inter-level travel time spent in this place.
 C = Inter-level travel time spent in this place.
 D = Time resting spent in this place.
 E = Time spent auto-exploring this place.
 F = Levels seen in this place.
 G = Mean time per level.
                   A        B        C        D        E       F      G
               +--------+--------+--------+--------+--------+-----+--------+
         Total |    918 |    918 |      0 |    406 |      0 |   1 |  918.0 |
       Dungeon |    918 |    918 |      0 |    406 |      0 |   1 |  918.0 |
               +--------+--------+--------+--------+--------+-----+--------+

Top non-repeatable levels by time:
     D:1: 918 daAuts
